 Dungeon Crawl Stone Soup version 0.26.0-10-g1f06aea511 (webtiles) character file.

Game seed: 10268893414887257795

1 jackrogers the Skirmisher (level 1, -1/19 HPs)
             Began as a Hill Orc Abyssal Knight on Jan 13, 2021.
             Was a Follower of Lugonu.
             Slain by a kobold
             ... wielding a +0 short sword
              (4 damage)
             ... on level 1 of the Dungeon.
             The game lasted 00:00:45 (82 turns).

jackrogers the Skirmisher (Hill Orc Abyssal Knight)   Turns: 82, Time: 00:00:46

Health: -1/19      AC:  3    Str: 14    XL:     1   Next: 20%
Magic:  2/2        EV: 11    Int: 12    God:    Lugonu [*.....]
Gold:   44         SH:  0    Dex: 10    Spells: 0/0 levels left

rFire    . . .     SeeInvis .   a - +1 hand axe
rCold    . . .     Faith    .   (no shield)
rNeg     . . .     Spirit   .   b - +0 leather armour
rPois    .         Reflect  .   (no helmet)
rElec    .         Harm     .   (no cloak)
rCorr    .         Rampage  .   (no gloves)
Will     .....                  (no boots)
Stlth    +.........             (no amulet)
HPRegen  0.06/turn              (no ring)
MPRegen  0.08/turn              (no ring)

@: no status effects
A: no striking features
a: Renounce Religion, Depart the Abyss


You were on level 1 of the Dungeon.
You worshipped Lugonu.
Lugonu was aware of your devotion.
You visited 1 branch of the dungeon, and saw 1 of its levels.
You visited the Abyss 1 time.

You collected 44 gold pieces.

Inventory:

Hand Weapons
 a - a +1 hand axe (weapon)
Armour
 b - a +0 leather armour (worn)
Scrolls
 d - a scroll of remove curse {unknown}
Potions
 c - a potion of flight {unknown}


   Skills:
 - Level 3.6 Fighting
 + Level 2.9 Axes
 - Level 2.1 Armour
 - Level 0.7 Dodging
 - Level 2.4 Invocations


You couldn't memorise any spells.
You didn't know any spells.
Your spell library was empty.

Dungeon Overview and Level Annotations

Branches:
Dungeon (1/15)

Altars:


Message History

Welcome, jackrogers the Hill Orc Abyssal Knight.
It is said that the Orb of Zot exists deep within this dungeon.
Lugonu says: Depart the Abyss and spread corruption, my servant! (use the ability menu to exit the Abyss)
Found a corrupted altar of Lugonu.
Found a gateway leading deeper into the Abyss.
There is a gateway leading deeper into the Abyss here.
There is a gateway leading deeper into the Abyss here.
You plunge deeper into the Abyss.
Found a gateway leading out of the Abyss.
There is a gateway leading out of the Abyss here.
You now have 44 gold pieces.
There are no items here.
Found a gateway leading out of the Abyss.
Spoiler Alert: The ynoxinul (wandering) can cast Iron Shot!
The ynoxinul bellows!
You see here a yellow potion.
Spoiler Alert: The ynoxinul can cast Iron Shot!
c - a yellow potion You enter the shallow water.
Moving in this stuff is going to be slow.
The ynoxinul gestures.
The ynoxinul gestures.
There is a gateway leading out of the Abyss here.
Spoiler Alert: The ynoxinul can cast Iron Shot!
The ufetubus closely misses you.
The ufetubus hits you but does no damage.
You pass through the gate.
There is a staircase leading out of the dungeon here.
Unknown command.
You open the door.
There is an open door here.
d - a scroll labelled KUVVUSHIUGH A hobgoblin comes into view.
The hobgoblin shouts!
A kobold comes into view. It is wielding a +0 short sword.
The kobold shouts!
You see here 13 gold pieces.
The kobold throws a stone.
The stone hits you but does no damage.
You see here a stone.
You closely miss the hobgoblin. The hobgoblin hits you.
You hit the hobgoblin but do no damage. The hobgoblin hits you.
You barely miss the hobgoblin. The hobgoblin hits you.
You are too injured to fight recklessly!
You are too injured to fight recklessly!
You closely miss the hobgoblin. The hobgoblin hits you.
The hobgoblin misses you.
You barely miss the hobgoblin. The hobgoblin closely misses you.
You hit the hobgoblin. The hobgoblin barely misses you.
You hit the hobgoblin but do no damage. The hobgoblin closely misses you.
You hit the hobgoblin. The hobgoblin barely misses you.
You closely miss the hobgoblin. The hobgoblin closely misses you.
You hit the hobgoblin.
You kill the hobgoblin!
Lugonu accepts your kill.
The kobold throws a stone.
The stone closely misses you.
The kobold hits you with a +0 short sword.
You miss the kobold.
The kobold hits you with a +0 short sword.
* * * LOW HITPOINT WARNING * * *
The kobold hits you with a +0 short sword.
You die...

#.........#
#.........#
#.........#
#.###.....#
#.....###.#
#####..(#...
###$# #.#
#(# .# #@#
#..K(.#
#...^.#
#.....#
#.....#
#.....#
..#.###
##.#..


You could see a kobold.

Vanquished Creatures
  A hobgoblin (D:1)
1 creature vanquished.

Notes
Turn   | Place    | Note
-------+----------+-------------------------------------------
     0 | Abyss:1  | jackrogers the Hill Orc Abyssal Knight began the quest for
                  | the Orb.
     0 | Abyss:1  | Reached XP level 1. HP: 19/19 MP: 2/2
    36 | Abyss:2  | Noticed a ynoxinul
    44 | D:1      | Escaped the Abyss
    82 | D:1      | HP: 3/19 [kobold/+0 short sword (3)]
    82 | D:1      | Slain by a kobold

Illustrated notes

Levels and vault maps discovered:
D:1:      dpeg_arrival_shelter, layout_basic

Action                   || total
-------------------------++-------
Melee: Hand axe          ||    11
Armor: Leather armour    ||     1
Dodge: Dodged            ||     8

Table legend: (Time is in decaauts)
 A = Elapsed time spent in this place.
 B = Non-inter-level travel time spent in this place.
 C = Inter-level travel time spent in this place.
 D = Time resting spent in this place.
 E = Time spent auto-exploring this place.
 F = Levels seen in this place.
 G = Mean time per level.
                   A        B        C        D        E       F      G
               +--------+--------+--------+--------+--------+-----+--------+
         Total |     84 |     84 |      0 |      0 |     22 |   3 |   28.0 |
       Dungeon |     39 |     39 |      0 |      0 |     22 |   1 |   39.0 |
         Abyss |     44 |     44 |      0 |      0 |      0 |   2 |   22.0 |
               +--------+--------+--------+--------+--------+-----+--------+

Top non-repeatable levels by time:
     D:1: 39 daAuts
 Abyss:2: 28 daAuts
 Abyss:1: 16 daAuts

Table legend:
 A = Kills in this place as a percentage of kills in entire the game.
 B = Kills by you in this place as a percentage of kills by you in the entire game.
 C = Kills by friends in this place as a percentage of kills by friends in the entire game.
 D = Other kills in this place as a percentage of other kills in the entire game.
 E = Experience gained in this place as a percentage of experience gained in the entire game.
 F = Experience gained in this place divided by the number of levels of this place that you have seen.
                   A       B       C       D       E      F
               +-------+-------+-------+-------+-------+----------------------
         Total | 100.0 | 100.0 |   N/A |   N/A | 100.0 |   0.7
       Dungeon | 100.0 | 100.0 |   N/A |   N/A | 100.0 |   2.0
               +-------+-------+-------+-------+-------+----------------------
